 Dungeon Crawl Stone Soup version 0.20.1-1-g8b1a95d (webtiles) character file.

736 letownia2 the Reanimator (level 7, 41/55 HPs)
             Began as a Deep Dwarf Necromancer on Dec 18, 2017.
             Quit the game on level 6 of the Dungeon.
             The game lasted 00:09:45 (3539 turns).

letownia2 the Reanimator (Deep Dwarf Necromancer)   Turns: 3539, Time: 00:09:45

Health: 41/55      AC:  5    Str: 12    XL:     7   Next: 46%
Magic:  4/13       EV: 11    Int: 17    God:
Gold:   209        SH:  0    Dex: 13    Spells: 10/14 levels left

rFire    + . .     SeeInvis .   k - staff of fire
rCold    + . .     Gourm    .   (no shield)
rNeg     . . .     Faith    .   i - +0 ring mail
rPois    .         Spirit   .   (no helmet)
rElec    .         Reflect  .   (no cloak)
rCorr    .         Harm     .   (no gloves)
MR       +....                  (no boots)
Stlth    +.........             (no amulet)
Regen    0.0/turn               e - ring of protection from cold
MPRegen  0.2/turn               (no ring)

@: non-regenerating
A: damage resistance, heal wounds, sense surroundings 1, no regeneration
a: Heal Wounds


You were on level 6 of the Dungeon.
You were not hungry.

You visited 1 branch of the dungeon, and saw 6 of its levels.

You collected 209 gold pieces.

Inventory:

Armour
 a - a +0 robe
 i - a +0 ring mail (worn)
 j - a +0 leather armour
 l - a +0 scale mail
 o - a +0 ring mail
Magical Staves
 k - an uncursed staff of fire (weapon)
Jewellery
 e - a ring of protection from cold (left hand)
Wands
 h - a wand of disintegration (5/24)
Scrolls
 d - 2 scrolls of identify {unknown}
 n - a scroll of amnesia {unknown}
 p - 2 scrolls of recharging {unknown}
Potions
 f - a potion of haste {unknown}
 g - a potion of berserk rage {unknown}
 q - a potion of lignification {unknown}
Books
 b - a book of Necromancy

   Spells                             Type                      Level
   a - Pain                           Necromancy                   1
   b - Animate Skeleton               Necromancy                   1
   c - Vampiric Draining              Necromancy                   3
   d - Regeneration                   Charms/Necromancy            3
   e - Animate Dead                   Necromancy                   4
   f - Control Undead                 Necromancy                   4
Comestibles
 c - 3 bread rations
 m - a meat ration
 r - 3 chunks of flesh


   Skills:
 - Level 2.1 Dodging
 - Level 2.4 Stealth
 - Level 4.3 Spellcasting
 + Level 8.6 Necromancy


You had 10 spell levels left.
You knew the following spells:

 Your Spells              Type           Power        Failure   Level  Hunger
a - Pain                  Necr           ####         1%          1    None
v - Vampiric Draining     Necr           ####......   3%          3    ###....


Dungeon Overview and Level Annotations

Branches:
Dungeon (6/15)
 Temple: D:4-7

Altars:
Dithmenos
Fedhas
Hepliaklqana
Nemelex Xobeh
Okawaru
Sif Muna

Annotations:
D:4 exclusions: howler monkey and ogre


Innate Abilities, Weirdness & Mutations

You are resistant to damage.
You can heal yourself by infusing magical energy.
You passively map a small area around you.
You do not regenerate.


Message History

The hound is severely wounded.
You feel life coursing into your body. The hound bites you.
Casting: Vampiric Draining
Confirm with . or Enter, or press ? or * to list all spells.
Aiming: Vampiric Draining
Press: ? - help, Shift-Dir - straight line, f/p - hound
Aim: a hound (severely wounded)
You kill the hound!
You feel life coursing into your body.
You see here a hound corpse.
You butcher the hound corpse.
r - 3 chunks of flesh Put on which piece of jewellery? (? for menu, Esc to quit)
Okay, then.
Wear which item? (? for menu, Esc to quit)
Okay, then.
Okay, then.
Put on which piece of jewellery? (? for menu, Esc to quit)
Okay, then.
Are you sure you want to abandon this character and quit the game? (Confirm with "yes".)

, * , ,
############ ,
.......@...#
##########.# ,
#.# ,,, * ###
###.### * #.
..# #.....# #.#
* #.#
#.....########
#.# #.#
#.............
# * #.# #.#
#.....########*
* ##.####.# #.#
#.....#


There were no monsters in sight!

Vanquished Creatures
  A sky beast (D:5)
  An ogre (D:5)
  A bullfrog (D:4)
  A howler monkey (D:4)
  A hound (D:6)
  4 orc priests
  2 orc wizards (D:4)
  2 worker ants
  A worker ant zombie (D:5)
  9 gnolls
  6 adders
  A howler monkey skeleton (D:5)
  A dart slug (D:1)
  A leopard gecko (D:4)
  11 orcs
  A giant cockroach (D:4)
  A hobgoblin (D:3)
  4 jackals (D:4)
  A kobold (D:3)
  A quokka (D:5)
  A ball python (D:5)
  3 bats
  A frilled lizard (D:2)
  A leopard gecko skeleton (D:4)
57 creatures vanquished.

Notes
Turn   | Place    | Note
-------+----------+-------------------------------------------
     0 | D:1      | letownia2 the Deep Dwarf Necromancer began the quest for the Orb.
     0 | D:1      | Reached XP level 1. HP: 15/15 MP: 3/3
   478 | D:4      | Reached XP level 2. HP: 19/22 MP: 0/5
   539 | D:4      | Found an iron altar of Okawaru.
   595 | D:4      | Found a deep blue altar of Sif Muna.
   599 | D:4      | Found a sparkling altar of Nemelex Xobeh.
   602 | D:4      | Reached skill level 5 in Necromancy
   635 | D:4      | Found a hazy altar of Hepliaklqana.
   685 | D:4      | Reached XP level 3. HP: 24/28 MP: 4/6
   690 | D:4      | Learned a level 3 spell: Vampiric Draining
   799 | D:4      | Noticed an ogre
   984 | D:4      | Found a shadowy altar of Dithmenos.
  1181 | D:4      | Reached skill level 6 in Necromancy
  1181 | D:4      | Reached XP level 4. HP: 31/36 MP: 1/7
  1330 | D:4      | Reached XP level 5. HP: 21/42 MP: 0/8
  1550 | D:4      | Reached skill level 7 in Necromancy
  2012 | D:5      | Entered Level 5 of the Dungeon
  2158 | D:5      | Noticed a sky beast
  2160 | D:5      | Found a blossoming altar of Fedhas.
  2217 | D:5      | Reached XP level 6. HP: 30/49 MP: 3/9
  2953 | D:5      | Killed a sky beast
  2953 | D:5      | Reached XP level 7. HP: 29/55 MP: 0/13
  3274 | D:5      | Reached skill level 8 in Necromancy
  3539 | D:6      | Quit the game

Skill      XL: |  1  2  3  4  5  6  7 |
---------------+----------------------+-----
Spellcasting   | 2 4 |  4.3
Necromancy     | 5 6 7 8 |  8.6
Dodging        | |  2.1
Stealth        | |  2.4

Action                   |  1- 3 |  4- 6 |  7- 9 || total
-------------------------+-------+-------+-------++-------
Melee: Unarmed           |     7 |       |       ||     7
       Staff             |       |    38 |    12 ||    50
 Cast: Pain              |    39 |    44 |     4 ||    87
       Vampiric Draining |       |    25 |    19 ||    44
  Eat: Chunk             |     1 |     9 |     3 ||    13
Armor: Robe              |     3 |       |       ||     3
       Leather armour    |       |     6 |       ||     6
       Ring mail         |       |    14 |     7 ||    21
Dodge: Dodged            |    10 |    48 |    14 ||    72
